 Dungeon Crawl Stone Soup version 0.20.1-1-g8b1a95d (webtiles) character file.

446 froobite the Ruffian (level 6, -2/61 HPs)
             Began as a Troll Berserker on Aug 2, 2017.
             Was a Priest of Trog.
             Slain by a river rat (4 damage)
             ... summoned by Eustachio
             ... on level 4 of the Dungeon.
             The game lasted 00:12:20 (1711 turns).

froobite the Ruffian (Troll Berserker)              Turns: 1711, Time: 00:12:20

Health: -2/61      AC:  5    Str: 32    XL:     6   Next: 73%
Magic:  5/5        EV:  8    Int:  4    God:    Trog [***...]
Gold:   90         SH: 11    Dex:  9    Spells: 5/5 levels left

rFire    + . .     SeeInvis .   c - +1 dagger (speed)
rCold    . . .     Gourm    +   h - +2 shield
rNeg     . . .     Faith    .   p - +0 robe
rPois    .         Spirit   .   (helmet restricted)
rElec    .         Reflect  .   (no cloak)
rCorr    .         Harm     .   (gloves unavailable)
MR       .....                  (boots unavailable)
Stlth    +.........             (no amulet)
Regen    0.6/turn               i - ring of protection from fire
MPRegen  0.1/turn               (no ring)

@: mighty, berserk cooldown, slowed, very slow
A: unfitting armour, claws 3, fast metabolism 3, gourmand, regeneration 1,
shaggy fur 1, tough skin 2
a: Berserk, Trog's Hand, Burn Spellbooks, Renounce Religion


You were on level 4 of the Dungeon.
You worshipped Trog.
Trog was most pleased with you.
You were hungry.

You visited 1 branch of the dungeon, and saw 4 of its levels.

You collected 90 gold pieces.

Inventory:

Hand Weapons
 c - a +1 dagger of speed (weapon)
Missiles
 e - 7 tomahawks (quivered)
 q - an exploding tomahawk
Armour
 a - a +0 animal skin
 h - a +2 shield (worn)
 p - a +0 robe (worn)
Jewellery
 i - a ring of protection from fire (left claw)
 j - a cursed amulet of inaccuracy {unknown}
Wands
 o - a wand of flame (31/48)
 r - a wand of random effects (20/48)
Potions
 f - a potion of curing
 l - 2 potions of flight
 s - a potion of cancellation {unknown}
Comestibles
 b - 2 bread rations
 g - 5 meat rations
 n - 3 fruits


   Skills:
 + Level 3.3 Fighting
 + Level 2.8 Short Blades
 + Level 3.7 Dodging
 + Level 2.2 Shields
 + Level 3.8 Unarmed Combat


You had 5 spell levels left.
You didn't know any spells.

Dungeon Overview and Level Annotations

Branches:
Dungeon (4/15)
 Temple: D:4-7

Altars:
Uskayaw

Annotations:
D:4 Dowan, Duvessa, Eustachio


Innate Abilities, Weirdness & Mutations

You are too large for most types of armour.
You have claws for hands.
Your metabolism is lightning-fast.
You like to eat raw meat.
Your natural rate of healing is unusually fast.
You are covered in fur. (AC +1)
You have very tough skin. (AC +2)


Message History

* * * LOW HITPOINT WARNING * * *
It was a potion of might.
You feel very mighty all of a sudden. Duvessa hits you with a short sword.
* * * LOW HITPOINT WARNING * * *
Dowan casts a spell at you. The puff of flame hits you! You resist.
* * * LOW HITPOINT WARNING * * *
You block the river rat's attack.
You miss Dowan.
Dowan is lightly wounded.
You block Duvessa's attack. Dowan hits you but does no damage.
The river rat bites you!
* * * LOW HITPOINT WARNING * * *
Eustachio mumbles some strange words.
You puncture Dowan!
Dowan is heavily wounded.
The bat closely misses you. You block Duvessa's attack.
You block Dowan's attack. The river rat bites you.
You die...

...... .># .#.#.# #.#
#.# .#.#.# #.###..
.....#######..##..
.#.#.##.......##.#
.#.#.##........#.#
...............#.#
...#......##...#.##
####......##...b@.#
#......##.#.eer#
.........##.#..@5.....#
..............<.....#.#
####.....###.##.........
......................
##.##.#######...##.#..
#...# .#># #..># #


You could see Eustachio, Duvessa, Dowan, an iron imp, a river rat and a bat.

Vanquished Creatures
  Sigmund (D:3)
  A howler monkey (D:4)
  An orc priest (D:3)
  Jessica (D:3)
  2 orc wizards (D:3)
  A worker ant (D:4)
  An adder (D:3)
  2 oozes
  2 worms (D:3)
  2 dart slugs (D:1)
  4 orcs (D:3)
  2 ball pythons (D:3)
  16 giant cockroaches
  15 hobgoblins
  4 jackals (D:3)
  A quokka (D:3)
  7 bats
  2 frilled lizards (D:1)
  4 goblins
  7 kobolds
  5 rats
81 creatures vanquished.

Notes
Turn   | Place    | Note
-------+----------+-------------------------------------------
     0 | D:1      | froobite the Troll Berserker began the quest for the Orb.
     0 | D:1      | Reached XP level 1. HP: 22/22 MP: 0/0
    83 | D:1      | Reached XP level 2. HP: 29/29 MP: 1/1
   241 | D:1      | Reached ** piety under Trog
   254 | D:1      | Reached XP level 3. HP: 36/36 MP: 2/2
   980 | D:3      | Reached XP level 4. HP: 39/44 MP: 3/3
  1025 | D:3      | Noticed Sigmund
  1033 | D:3      | Killed Sigmund
  1033 | D:3      | Reached skill level 1 in Shields
  1033 | D:3      | Reached XP level 5. HP: 53/53 MP: 4/4
  1097 | D:3      | Reached XP level 6. HP: 61/61 MP: 5/5
  1099 | D:3      | Noticed Jessica
  1114 | D:3      | Killed Jessica
  1131 | D:3      | Reached *** piety under Trog
  1247 | D:3      | Found a hide-covered altar of Uskayaw.
  1662 | D:4      | Noticed Eustachio
  1678 | D:4      | Noticed Duvessa
  1685 | D:4      | Noticed Dowan
  1710 | D:4      | HP: 2/61 [river rat[Eustachio] (8)]
  1711 | D:4      | Slain by a river rat

Skill      XL: |  1  2  3  4  5  6 |
---------------+-------------------+-----
Fighting       | 3 |  3.3
Short Blades   | 2 |  2.8
Dodging        | 3 |  3.7
Shields        | 1 2 |  2.2
Unarmed Combat | |  3.8

Action                   |  1- 3 |  4- 6 || total
-------------------------+-------+-------++-------
Melee: Unarmed           |    70 |       ||    70
       Dagger            |   106 |   191 ||   297
Invok: Berserk           |     1 |     4 ||     5
       Burn Spellbooks   |       |     1 ||     1
  Use: Scroll            |     4 |     6 ||    10
       Potion            |       |     3 ||     3
  Eat: Chunk             |     5 |     5 ||    10
       Bread ration      |     1 |       ||     1
       Royal jelly       |       |     1 ||     1
Armor: Animal skin       |   101 |     1 ||   102
       Robe              |       |    53 ||    53
Dodge: Dodged            |   104 |    52 ||   156
Block: Shield            |    64 |    94 ||   158
